 Dungeon Crawl Stone Soup version 0.17-a0-417-gc4a8610 (webtiles) character file.

429 Kaesh the Shield-Bearer (level 7, 0/55 HPs)
             Began as a Formicid Fighter on Apr 3, 2015.
             Slain by a gnoll
             ... wielding a +0 spear
              (1 damage)
             ... on level 3 of the Dungeon.
             The game lasted 00:09:16 (2449 turns).

Kaesh the Shield-Bearer (Formicid Fighter)          Turns: 2449, Time: 00:09:16

Health: 0/55       AC:  6    Str: 23    XL:     7   Next: 19%
Magic:  7/7        EV: 10    Int:  7    God:
Gold:   190        SH: 11    Dex: 10    Spells: 0 memorised, 6 levels left

rFire  . . .     SeeInvis +     a - +0 war axe
rCold  . . .     Clarity  .     g - +0 ring mail
rNeg   . . .     SustAb   +     c - +1 shield
rPois  .         Gourm    .     (helmet unavailable)
rElec  .         Spirit   .     (no cloak)
rCorr  .         Warding  .     (no gloves)
rMut   .         Stasis   +     (no boots)
MR     .....                    (no amulet)
Stlth  ..........               q - ring of sustain abilities
                                (no ring)

@: not resistant to hostile enchantments, extremely unstealthy
A: permanent stasis, dig shafts and tunnels, four strong arms, antennae 3
a: Dig, Shaft Self


You were on level 3 of the Dungeon.
You were not hungry.

You visited 1 branch of the dungeon, and saw 3 of its levels.

You collected 190 gold pieces.

Inventory:

Hand weapons
 a - a +0 war axe (weapon)
Armour
 b - a +0 scale mail
 c - a +1 shield (worn)
 g - a +0 ring mail (worn)
Jewellery
 q - a ring of sustain abilities (right hand)
Scrolls
 f - 3 scrolls of remove curse
 j - a scroll of blinking {unknown}
 r - a scroll of identify
 t - 2 scrolls of immolation {unknown}
Potions
 e - a potion of might
 k - a potion of curing
 l - 3 potions of heal wounds {unknown}
 m - a potion of brilliance {unknown}
 o - a potion of invisibility
 p - a potion of resistance {unknown}
 s - a potion of agility {unknown}
 u - a potion of berserk rage {unknown}
 v - a potion of lignification {unknown}
Comestibles
 d - 3 bread rations
 h - 5 meat rations
 i - a beef jerky
 n - a chunk of flesh


   Skills:
 + Level 4.3 Fighting
 + Level 3.4 Axes
 + Level 5.1 Armour
 + Level 2.6 Dodging
 + Level 5.1 Shields


You had 6 spell levels left.
You didn't know any spells.

Dungeon Overview and Level Annotations

Branches:
Dungeon (3/15)

Altars:
Ashenzari


Innate Abilities, Weirdness & Mutations

You are under a permanent stasis effect.
You can dig through walls and to a lower floor.
Your four strong arms can wield two-handed weapons with a shield.
You have a pair of large antennae on your head (SInv).


Message History

* * * LOW HITPOINT WARNING * * *
Things that are here:
a spear; a gnoll corpse You completely miss the gnoll.
The gnoll closely misses you.
You closely miss the gnoll. You block the gnoll's attack.
You hit the gnoll but do no damage. The gnoll hits you but does no damage.
Your shield and ring mail prevent you from hitting the gnoll.
You block the gnoll's attack. x2
You slash the gnoll!
The gnoll is almost dead.
You block the gnoll's attack.
Some of the chunks of flesh in your inventory have rotted away.
You barely miss the gnoll.
The gnoll is almost dead.
The gnoll hits you with a spear.
* * * LOW HITPOINT WARNING * * *
You hit the gnoll but do no damage.
The gnoll is almost dead.
The gnoll hits you with a spear.
You die...

#..# #..# # #..# #. #..#
#. #..# #####.#
#########..# ....... {
...........#
.......##############.##
...!..)).......g@†....#
.....))################
....... .....$. .....##
##.. #. .


You could see a gnoll.

Vanquished Creatures
  A sky beast (D:3)
  An orc priest (D:3)
  3 orc wizards (D:3)
  6 gnolls
  8 adders
  3 worms
  3 oozes
  9 orcs (D:3)
  3 giant cockroaches (D:3)
  17 goblins
  8 hobgoblins
  3 jackals
  3 kobolds
  A quokka (D:2)
  6 bats
  4 giant geckos
  3 giant newts
  8 rats
90 creatures vanquished.

Notes
Turn   | Place    | Note
--------------------------------------------------------------
     0 | D:1      | Kaesh, the Formicid Fighter, began the quest for the Orb.
     0 | D:1      | Reached XP level 1. HP: 18/18 MP: 1/1
   148 | D:1      | Reached XP level 2. HP: 24/24 MP: 2/2
   391 | D:1      | Reached skill level 4 in Shields
   710 | D:1      | Reached XP level 3. HP: 29/29 MP: 3/3
   894 | D:2      | Reached skill level 1 in Dodging
   932 | D:2      | Reached XP level 4. HP: 13/37 MP: 4/4
  1101 | D:2      | Found a shattered altar of Ashenzari.
  1511 | D:2      | Reached XP level 5. HP: 32/42 MP: 5/5
  1760 | D:3      | Reached XP level 6. HP: 48/48 MP: 6/6
  1868 | D:3      | Noticed a sky beast
  1898 | D:3      | Killed a sky beast
  1898 | D:3      | Reached skill level 5 in Shields
  2296 | D:3      | Reached skill level 5 in Armour
  2401 | D:3      | Reached XP level 7. HP: 36/54 MP: 7/7
  2442 | D:3      | HP: 1/55 [gnoll/spear (5)]
  2448 | D:3      | HP: 1/55 [gnoll/spear (1)]
  2449 | D:3      | Slain by a gnoll

Action                   |  1- 3 |  4- 6 |  7- 9 || total
-------------------------+-------+-------+-------++-------
Melee: War axe           |    72 |   152 |    28 ||   252
 Abil: Dig               |       |     1 |       ||     1
  Use: Scroll            |     3 |     1 |       ||     4
  Eat: Chunk             |       |     6 |       ||     6
